AoeStats
← FESHI21

Arena

510852178Analyzed
2v2 RM · 1d ago on Oct 2, 2026· 24m 8s· 4 players
Game mode
Random Map
Map size
Medium (4 player)
Population
200
Speed
Normal
Resources
Standard
Victory
Conquest
Starting age
Dark Age
Ending age
Imperial Age
RankedLock teamsTeams togetherTeam positionsShared explorationLock speedFull tech treeHidden civsTurbo modeCheats
Victory
Defeat
🇸🇰 Japanese · Slovakia
972
+18
🇹🇼 Spanish · Taiwan
960
+20
🇨🇳 Chinese · China
1026
-19
🇨🇳 Saxons · China
1021
-19
小藍
11:19 Feudal Age
16:09 Castle Age
14:08 Horse Collar
15:37 Loom
FESHI21
2:26 Loom
10:53 Feudal Age
11:19 Horse Collar
11:26 Double-Bit Axe
19:19 Castle Age
20:03 Stone Mining
20:05 Gold Mining
20:56 Wheelbarrow
20:54 Heavy Plow
21:06 Bow Saw
21:35 Gold Shaft Mining
24:32 Forging
欲火银河
10:06 Feudal Age
11:36 Loom
14:11 Castle Age
Super207
6:49 Loom
11:36 Feudal Age
15:40 Castle Age
16:15 Double-Bit Axe
Connection lost

Rejoining the realm…

Still unreachable

The connection could not be restored.

Session expired

The server has moved on; the page needs a fresh start.